 Dungeon Crawl Stone Soup version 0.25-a0-576-g50b708a4c4 (webtiles) character file.

Game seed: 11708264869152464753, levelgen mode: deterministic

606 LastManStanding the Thaumaturge (level 7, -2/36 HPs)
             Began as a Deep Elf Necromancer on Mar 1, 2020.
             Was an Initiate of Kikubaaqudgha.
             Slain by a wight
             ... wielding a cursed +4 long sword of freezing
              (5 damage)
             ... on level 6 of the Dungeon.
             The game lasted 00:08:42 (6274 turns).

LastManStanding the Thaumaturge (DENe)              Turns: 6274, Time: 00:08:43

Health: -2/36      AC:  2    Str:  5    XL:     7   Next: 19%
Magic:  21/21      EV: 13    Int: 22    God:    Kikubaaqudgha [......]
Gold:   502        SH:  0    Dex: 15    Spells: 18/23 levels left

rFire    . . .     SeeInvis .   v - +0 rapier (drain)
rCold    . . .     Gourm    .   (no shield)
rNeg     . . .     Faith    .   l - +0 robe
rPois    .         Spirit   .   (no helmet)
rElec    .         Reflect  .   (no cloak)
rCorr    .         Harm     .   (no gloves)
MR       .....                  (no boots)
Stlth    ++........             e - amulet of the acrobat
HPRegen  0.12/turn              (no ring)
MPRegen  0.17/turn              (no ring)

@: lightly drained
A: no striking features
a: Renounce Religion


You were on level 6 of the Dungeon.
You worshipped Kikubaaqudgha.
Kikubaaqudgha was noncommittal.
You were very hungry.

You visited 2 branches of the dungeon, and saw 7 of its levels.
You also visited: Ossuary.

You collected 502 gold pieces.

Inventory:

Hand Weapons
 o - a +0 dagger of speed
 r - a +1 whip of venom
 v - a +0 rapier of draining (weapon)
Armour
 a - a +0 robe
 l - a +0 robe (worn)
 q - a +0 helmet
Jewellery
 e - an amulet of the acrobat (around neck)
 w - an uncursed amulet of rage {unknown}
Wands
 B - a wand of random effects (23)
Scrolls
 c - 7 scrolls of remove curse
 d - 2 scrolls of magic mapping {unknown}
 f - a scroll of random uselessness {unknown}
 h - a scroll of noise {unknown}
 i - 4 scrolls of identify
 k - a scroll of blinking
 m - 2 scrolls of immolation {unknown}
 s - 2 scrolls of fear {unknown}
 t - 5 scrolls of teleportation {unknown}
 x - a scroll of fog {unknown}
 y - a scroll of amnesia {unknown}
Potions
 b - 5 potions of curing
 g - 2 potions of magic
 j - a potion of heal wounds
 n - 3 potions of ambrosia
 p - 2 potions of degeneration
 u - a potion of might
Comestibles
 z - 9 rations


   Skills:
 - Level 2.4(2.1) Dodging
 - Level 2.4(2.1) Stealth
 * Level 8.9(8.5) Spellcasting
 + Level 7.2(6.8) Necromancy


You had 18 spell levels left.
You knew the following spells:

 Your Spells              Type           Power        Failure   Level  Hunger
a - Pain                  Necr           ####         1%          1    None
c - Vampiric Draining     Necr           #####.....   1%          3    None
s - Animate Skeleton      Necr           N/A          1%          1    None

Your spell library contained the following spells:

 Spells                   Type           Power        Failure   Level  Hunger
 Animate Dead             Necr           N/A          4%          4    ###....
 Apportation              Tloc           #.....       7%          1    None
 Corona                   Hex            #......      7%          1    None
 Summon Small Mammal      Summ           #...         7%          1    None
 Agony                    Necr           #####...     12%         5    #####..
 Confusing Touch          Hex            #.......     22%         3    None
 Gell's Gravitas          Tloc           #.........   22%         3    None
 Petrify                  Tmut/Erth      #.......     56%         4    ###....
 Metabolic Englaciation   Hex/Ice        #.........   89%         5    #####..
 Yara's Violent Unravell  Hex/Tmut       #.........   89%         5    #####..


Dungeon Overview and Level Annotations

Branches:
Dungeon (6/15)             Temple (1/1) D:4         Ossuary (visited)

Altars:
Ashenzari
Dithmenos
Elyvilon
Fedhas
Kikubaaqudgha
Okawaru
Qazlal
Ru
Sif Muna
Trog
Uskayaw
Wu Jian
Xom
Zin

Shops:
D:5 %


Message History

The mummy is moderately damaged.
You hit the mummy but do no damage.
The mummy is moderately damaged.
The mummy hits you!
You hit the mummy but do no damage.
The mummy is moderately damaged.
There is an empty arch of ancient stone here.
There is a gate leading back out of this place here.
Welcome back to the Dungeon!
You hear the sound of rushing water.
There is an entrance to a sewer on this level.
Hurry and find it before the portal rusts away!
You hear the slow rusting of a very distant drain.
The wight closely misses you.
The wight hits you with a cursed +4 long sword of freezing!
* * * LOW HITPOINT WARNING * * *
You feel drained.
* * * LOW HITPOINT WARNING * * *
The wight freezes you.
You die...
Kikubaaqudgha rasps: "You have failed me!
Welcome... death!"

(#######.############.###
...........z..........#
######.###############
###)...#### #.........#
#...#'#...# #...#.#..$.#
#.###.###..# #.+..@..+..#
#.###z### .# #.# #+#


You could see a wight.

Vanquished Creatures
  A sky beast (D:5)
  An ogre (D:5)
  A hound (D:3)
  An orc priest (D:3)
  Jessica (D:2)
  3 orc wizards (D:5)
  A hound zombie (D:4)
  7 adders
  5 gnolls
  3 oozes
  An adder skeleton (D:4)
  4 worms
  A leopard gecko (D:2)
  13 orcs
  7 bats
  4 giant cockroaches
  5 goblins
  9 hobgoblins
  4 jackals (D:2)
  7 kobolds
  3 quokkas
  A ball python (D:4)
  A frilled lizard (D:4)
  6 rats
90 creatures vanquished.

Vanquished Creatures (collateral kills)
  A crimson imp (D:5)
  A goblin (D:1)
2 creatures vanquished.

Vanquished Creatures (others)
  A withered plant (Ossuary)
1 creature vanquished.

Grand Total: 93 creatures vanquished

Notes
Turn   | Place    | Note
-------+----------+-------------------------------------------
     0 | D:1      | LastManStanding the Deep Elf Necromancer began the quest
                  | for the Orb.
     0 | D:1      | Reached XP level 1. HP: 10/10 MP: 6/6
    53 | D:1      | Learned a level 1 spell: Animate Skeleton
   292 | D:1      | Reached skill level 5 in Necromancy
   445 | D:1      | Reached XP level 2. HP: 15/15 MP: 6/8
   576 | D:1      | Reached skill level 4 in Spellcasting
  1347 | D:2      | Reached XP level 3. HP: 16/19 MP: 6/11
  1352 | D:2      | Learned a level 3 spell: Vampiric Draining
  1407 | D:2      | Noticed Jessica
  1418 | D:2      | Killed Jessica
  1418 | D:2      | Reached skill level 5 in Spellcasting
  1591 | D:2      | Reached XP level 4. HP: 22/24 MP: 10/13
  2342 | D:2      | Reached skill level 6 in Spellcasting
  2494 | D:3      | Reached XP level 5. HP: 28/28 MP: 15/15
  2548 | D:3      | Found a shadowy altar of Dithmenos.
  2551 | D:3      | Found an ornate altar of the Wu Jian Council.
  2590 | D:3      | Found a bloodstained altar of Trog.
  2594 | D:3      | Found a shimmering blue altar of Sif Muna.
  2594 | D:3      | Found a glowing silver altar of Zin.
  3365 | D:3      | Reached skill level 7 in Spellcasting
  3488 | D:3      | Found an iron altar of Okawaru.
  3768 | D:4      | Found a staircase to the Ecumenical Temple.
  3824 | Temple   | Entered the Ecumenical Temple
  3839 | Temple   | Became a worshipper of Kikubaaqudgha
  3903 | D:4      | Noticed a phantom
  4667 | D:4      | Reached XP level 6. HP: 28/32 MP: 11/18
  5257 | D:5      | Entered Level 5 of the Dungeon
  5258 | D:5      | Noticed a sky beast
  5266 | D:5      | Killed a sky beast
  5459 | D:5      | Reached skill level 8 in Spellcasting
  5621 | D:5      | Reached XP level 7. HP: 36/36 MP: 21/21
  5677 | D:5      | Found Boatusopsa's Food Boutique.
  6252 | D:6      | Found a sand-covered staircase.
  6258 | Ossuary  | Entered an ossuary
  6274 | D:6      | Slain by a wight

Levels and vault maps discovered:
D:1:      nicolae_arrival_memento_mori, layout_basic
D:2:      layout_basic, minmay_quadrilaterals, uniq_jessica
D:3:      layout_loops_corners, grunt_temple_overflow_open, minitemple,
          first_ration, okawaru_altar_gauntlet_db
D:4:      minmay_general_purpose_star, layout_basic,
          minmay_temple_entry_offerings
D:5:      layout_basic, serial_shops, shop_coins
D:6:      layout_loops_ring, nicolae_ossuary_entry_plus,
          cheibrodos_sewer_entry_bend, st_stairs_3
Temple:   zaba_magenta_temple

Skill      XL: |  1  2  3  4  5  6 |
---------------+-------------------+-----
Necromancy     | 5 6 7 |  7.2
Spellcasting   | 4 5 6 7 8 |  8.9
Dodging        | |  2.4
Stealth        | |  2.4

Action                   |  1- 3 |  4- 6 |  7- 9 || total
-------------------------+-------+-------+-------++-------
Melee: Unarmed           |     1 |       |       ||     1
       Whip              |       |    68 |       ||    68
       Rapier            |       |    49 |    24 ||    73
 Cast: Pain              |    50 |    71 |       ||   121
       Animate Skeleton  |     3 |     1 |       ||     4
       Vampiric Draining |       |    14 |     5 ||    19
Evoke: Wand              |       |       |     3 ||     3
  Use: Scroll            |       |     8 |       ||     8
       Potion            |       |     1 |     1 ||     2
  Eat: Chunk             |     1 |    10 |     1 ||    12
       Ration            |       |     1 |       ||     1
Armor: Robe              |     4 |    16 |     3 ||    23
Dodge: Dodged            |     6 |   110 |    10 ||   126

Table legend:
 A = Non-vault XP
 B = Vault XP
 C = Vault XP percentage of total XP
 D = Non-vault monster count
 E = Vault monster count
 F = Vault count percentage of total count
                 A         B        C        D         E       F
            +---------+---------+-------+---------+---------+-------
      Total |     790 |      77 |   8.9 |      81 |      11 |  12.0
            +---------+---------+-------+---------+---------+-------
        D:1 |      36 |       0 |   0.0 |      19 |       0 |   0.0
        D:2 |     112 |      47 |  29.6 |      19 |       4 |  17.4
        D:3 |     128 |      25 |  16.3 |      21 |       6 |  22.2
        D:4 |      89 |       5 |   5.3 |      10 |       1 |   9.1
        D:5 |     425 |       0 |   0.0 |      12 |       0 |   0.0
            +---------+---------+-------+---------+---------+-------
